 Dungeon Sprint DCSS version 0.31-a0-774-g0d66cbabe8 (webtiles) character file.

Game seed: 353049148469149699

595 Conn the Arsonist (level 7, 0/41 HPs)
             Began as an Octopode Fire Elementalist on Sept 17, 2023.
             Was a Follower of Sif Muna.
             Slain by a kobold demonologist
             ... wielding a +0 dagger
              (5 damage)
             ... in the Dungeon (Sprint I: "Red Sonja").
             The game lasted 00:03:24 (530 turns).

Conn the Arsonist (Octopode Fire Elementalist)       Turns: 530, Time: 00:03:26

Health: 0/41       AC:  1    Str:  7    XL:     7   Next: 40%
Magic:  3/18       EV: 14    Int: 19    God:    Sif Muna [*.....]
Gold:   420        SH:  0    Dex: 13    Spells: 8/22 levels left

rFire   . . .        g - +0 dagger
rCold   . . .        (no shield)
rNeg    . . .        (helmet restricted)
rPois   .            (no amulet)
rElec   .            (no ring)
rCorr   .            (no ring)
SInv    .            (no ring)
Will    .....        (no ring)
Stlth   ++++         (no ring)
HPRegen 0.26/turn    (no ring)
MPRegen 0.16/turn    (no ring)
                     (no ring)

%: no teleportation
@: no status effects
A: almost no armour, amphibious, 8 rings, camouflage 1, gelatinous body 1,
(nimble swimmer 1), tentacles
a: Renounce Religion, Channel Magic


You were in the Dungeon.
You worshipped Sif Muna.
Sif Muna was aware of your devotion.
You visited 1 branch You collected 420 gold pieces.

Inventory:

Hand Weapons
 g - a +0 dagger (weapon)
Wands
 e - a wand of iceblast (7)
Scrolls
 f - a scroll of blinking
Potions
 a - 3 potions of magic
 b - a potion of curing
 c - a potion of heal wounds
 d - a potion of haste


   Skills:
 + Level 4.6 Dodging
 - Level 5.0 Stealth
 * Level 8.0 Spellcasting
 * Level 6.0 Conjurations
 * Level 2.7 Summonings
 + Level 9.5 Fire Magic
 * Level 2.5 Ice Magic
 * Level 2.9 Invocations


You had 8 spell levels left.
You knew the following spells:

 Your Spells              Type           Power      Damage    Failure   Level
a - Foxfire               Conj/Fire      100%       2x1d9     1%          1
b - Scorch                Fire           86%        2d8       1%          2
c - Inner Flame           Hex/Fire       25%        N/A       3%          3
d - Flame Wave            Conj/Fire      37%        2d10      3%          4
e - Summon Ice Beast      Ice/Summ       17%        N/A       30%         4

Your spell library contained the following spells:

 Spells                   Type           Power      Damage    Failure   Level
 Volatile Blastmotes      Fire/Tloc      50%        2d14      3%          3
 Cigotuvi's Dreadful Rot  Necr/Pois/Air  14%        N/A       14%         2
 Summon Mana Viper        Hex/Summ       12%        N/A       82%         5
 Alistair's Intoxication  Tmut/Pois      4%         N/A       94%         5
 Monstrous Menagerie      Summ           9%         N/A       100%        7


Dungeon Overview and Level Annotations

Branches:
Dungeon (1/1)

Altars:
Cheibriados
Dithmenos
Elyvilon
Fedhas
Gozag
Hepliaklqana
Kikubaaqudgha
Makhleb
Nemelex Xobeh
Okawaru
Qazlal
Ru
Sif Muna
Trog
Uskayaw
Vehumet
Wu Jian
Xom
Yredelemnul
Zin
The Shining One
Jiyva
Lugonu

Shops:
D (


Innate Abilities, Weirdness & Mutations

You cannot wear most types of armour.
You are amphibious.
You can wear up to eight rings at the same time.
Your skin changes colour to match your surroundings (Stealth+).
Your rubbery body absorbs attacks. (AC +1, EV +1)
((You are camouflaged when in or above water. (Stealth+)))
You have tentacles for arms and can constrict up to eight enemies at once.


Message History

Flame seeps out of the kobold demonologist.
The kobold demonologist is lightly wounded.
The foxfire hits the kobold demonologist.
Flame seeps out of the kobold demonologist.
The kobold demonologist is lightly wounded.
The kobold demonologist is engulfed in blazing flames.
Flame seeps out of the kobold demonologist.
Casting: Foxfire (safe; 1% risk of failure)
Confirm with . or Enter, or press ? or * to list all spells.
You conjure some foxfire!
The kobold demonologist casts a spell.
Unknown command.
Your foxfire dissipates!
The foxfire hits the kobold demonologist but does no damage.
The kobold demonologist is heavily wounded.
A floating eye comes into view.
The soul eater is engulfed in blazing flames.
There is an open door here.
Unknown command.
Casting: Foxfire (safe; 1% risk of failure)
Confirm with . or Enter, or press ? or * to list all spells.
You conjure some foxfire!
The kobold demonologist mumbles some strange words.
Your foxfire dissipates!
The foxfire hits the sixfirhy!
The sixfirhy is lightly wounded.
There is a shimmering altar of Xom here.
Unknown command.
Press < or > to pray at altars.
Unknown command.
Press < or > to pray at altars.
Unknown command.
Press < or > to pray at altars.
The sixfirhy hits you. The sixfirhy shocks you! The sixfirhy hits you.
The sixfirhy shocks you!
* * * LOW HITPOINT WARNING * * *
The sixfirhy misses you.
The kobold demonologist attacks as it pursues you!
The kobold demonologist hits you with a +0 dagger.
You die...

##########################
#<.#..)..#..'..#__#3GK...#
#..[.§#..').#..'@3'4.#
#..#####'#####'#_K####
#§§####..#...#.####
#..#__####..##.#
#..#_____##'#_.+
#⌠⌠#_.∩...'.†._#
####_..__##_.#'#
#_____###+#.# ####### ###


You could see a soul eater (summoned), a hellwing (summoned), 2 kobold
demonologists, a sixfirhy (summoned) and a floating eye.

Vanquished Creatures
  A slime creature (D)
  Sigmund (D)
  A yak (D)
  An ogre (D)
  A jelly (D)
  Ijyb (D)
6 creatures vanquished.

Vanquished Creatures (others)
  23 foxfires (D)
23 creatures vanquished.

Grand Total: 29 creatures vanquished

Notes
Turn   | Place    | Note
-------+----------+-------------------------------------------
     0 | D        | Conn the Octopode Fire Elementalist began the quest for the
                  | Orb.
     0 | D        | Reached XP level 1. HP: 11/11 MP: 3/3
     3 | D        | Noticed Ijyb
     9 | D        | Killed Ijyb
    10 | D        | Reached skill level 4 in Fire Magic
    10 | D        | Reached XP level 2. HP: 15/17 MP: 0/6
    10 | D        | Reached XP level 3. HP: 19/21 MP: 0/7
    65 | D        | Noticed an ogre
    70 | D        | Killed an ogre
    71 | D        | Reached skill level 6 in Fire Magic
    71 | D        | Reached XP level 4. HP: 27/27 MP: 5/10
   118 | D        | Learned a level 2 spell: Scorch
   122 | D        | Learned a level 3 spell: Inner Flame
   127 | D        | Learned a level 4 spell: Flame Wave
   131 | D        | Noticed Sigmund
   133 | D        | Killed Sigmund
   134 | D        | Reached skill level 5 in Conjurations
   134 | D        | Reached skill level 8 in Fire Magic
   134 | D        | Reached XP level 5. HP: 31/31 MP: 4/14
   134 | D        | Reached XP level 6. HP: 36/36 MP: 4/15
   220 | D        | Found an ornate altar of the Wu Jian Council.
   220 | D        | Found a shimmering blue altar of Sif Muna.
   222 | D        | Found a radiant altar of Vehumet.
   226 | D        | Became a worshipper of Sif Muna the Loreminder
   230 | D        | Reached skill level 5 in Stealth
   233 | D        | Got a well-preserved book
   263 | D        | Learned a level 4 spell: Summon Ice Beast
   266 | D        | Found Saluicoy's Weapon Emporium.
   266 | D        | Found an ancient bone altar of Kikubaaqudgha.
   266 | D        | Found a hazy altar of Hepliaklqana.
   266 | D        | Found a hide-covered altar of Uskayaw.
   266 | D        | Found a basalt altar of Yredelemnul.
   266 | D        | Found an opulent altar of Gozag.
   266 | D        | Found a snail-covered altar of Cheibriados.
   266 | D        | Found a sacrificial altar of Ru.
   266 | D        | Found a shadowy altar of Dithmenos.
   266 | D        | Noticed a yak
   267 | D        | Found a stormy altar of Qazlal.
   267 | D        | Found a blossoming altar of Fedhas.
   267 | D        | Found a bloodstained altar of Trog.
   267 | D        | Found an iron altar of Okawaru.
   267 | D        | Found a glowing silver altar of Zin.
   272 | D        | Killed a yak
   273 | D        | Reached skill level 1 in Summonings
   273 | D        | Reached skill level 9 in Fire Magic
   273 | D        | Reached skill level 1 in Ice Magic
   273 | D        | Reached XP level 7. HP: 41/41 MP: 7/18
   274 | D        | Found a glowing golden altar of the Shining One.
   274 | D        | Found a white marble altar of Elyvilon.
   276 | D        | Found a sparkling altar of Nemelex Xobeh.
   341 | D        | Found a burning altar of Makhleb.
   341 | D        | Found a viscous altar of Jiyva.
   341 | D        | Found a shimmering altar of Xom.
   341 | D        | Found a corrupted altar of Lugonu.
   341 | D        | Noticed a slime creature
   350 | D        | HP: 2/41 [slime creature (20)]
   351 | D        | Killed a slime creature
   351 | D        | Reached * piety under Sif Muna
   519 | D        | Noticed a kobold demonologist
   522 | D        | Noticed a soul eater
   523 | D        | Noticed a kobold demonologist
   527 | D        | Noticed a hellwing
   529 | D        | Noticed a sixfirhy
   530 | D        | Slain by a kobold demonologist

Illustrated notes

Levels and vault maps discovered:
D:        dungeon_sprint_1 [red_sonja_temple_1, red_sonja_temple_small_1]

Skill      XL: |  1  2  3  4  5  6  7 |
---------------+----------------------+-----
Stealth        | 3 4 5 |  5.0
Spellcasting   | 3 4 6 7 8 |  8.0
Conjurations   | 2 3 5 6 |  6.0
Fire Magic     | 4 6 8 9 |  9.5
Dodging        | 3 4 |  4.6
Summonings     | 1 2 |  2.7
Ice Magic      | 1 2 |  2.5
Invocations    | 2 |  2.9

Action                     |  1- 3 |  4- 6 |  7- 9 || total
---------------------------+-------+-------+-------++-------
  Melee: Unarmed           |     4 |       |       ||     4
         Tentacles         |     4 |       |       ||     4
         Constrict         |     1 |       |       ||     1
         Dagger            |     2 |       |       ||     2
   Cast: Foxfire           |     5 |     4 |     4 ||    13
         Scorch            |       |     6 |     2 ||     8
         Flame Wave        |       |     1 |     2 ||     3
         Inner Flame       |       |       |     3 ||     3
  Evoke: Wand              |     1 |       |       ||     1
    Use: Potion            |     1 |       |       ||     1
 Armour: Skin              |     2 |       |     6 ||     8
  Dodge: Dodged            |     3 |     2 |     2 ||     7

Table legend: (Time is in decaauts)
 A = Elapsed time spent in this place.
 B = Non-inter-level travel time spent in this place.
 C = Inter-level travel time spent in this place.
 D = Time resting spent in this place.
 E = Time spent auto-exploring this place.
 F = Levels seen in this place.
 G = Mean time per level.
                   A        B        C        D        E       F      G
               +--------+--------+--------+--------+--------+-----+--------+
         Total |    541 |    541 |      0 |    358 |      0 |   1 |  541.0 |
       Dungeon |    541 |    541 |      0 |    358 |      0 |   1 |  541.0 |
               +--------+--------+--------+--------+--------+-----+--------+

Top non-repeatable levels by time:
       D: 541 daAuts
